 Dungeon Crawl Stone Soup version bcrawl-1.21.3 (webtiles) character file.

Game seed: 9503999525516363616

240 Ashen the Ducker (level 6, 0/38 HPs)
             Began as an Avariel Reaver on Apr 1, 2020.
             Was a Believer of Vehumet.
             Slain by a gnoll
             ... wielding a +0 flail
              (13 damage)
             ... on level 3 of the Dungeon.
             The game lasted 00:12:33 (3614 turns).

Ashen the Ducker (Avariel Reaver)                   Turns: 3614, Time: 00:12:34

Health: 0/38       AC:  7    Str:  5    XL:     6   Next: 8%
Magic:  15/23      EV: 14    Int: 22    God:    Vehumet [**....]
Gold:   106        SH:  0    Dex: 11    Spells: 6/13 levels left

rFire    . . .     SeeInvis .   k - -2 club (curse)
rCold    . . .     Gourm    .   (no shield)
rNeg     . . .     Faith    .   b - +1 steam dragon scales
rPois    .         Spirit   .   q - +0 helmet
rElec    .         Reflect  .   (no cloak)
rCorr    .         Harm     .   (no gloves)
MR       .....                  (no boots)
Stlth    +.........             (no amulet)
HPRegen  0.12/turn              h - -4 ring of strength (curse)
MPRegen  0.18/turn              m - ring of magical power

@: no status effects
A: no striking features
a: Renounce Religion


You were on level 3 of the Dungeon.
You worshipped Vehumet.
Vehumet was pleased with you.
You were hungry.

You visited 1 branch of the dungeon, and saw 3 of its levels.

You collected 106 gold pieces.

Inventory:

Hand Weapons
 a - a +0 long sword
 k - a cursed -2 club (weapon)
 p - a +4 whip
Armour
 b - +1 steam dragon scales (worn)
 q - a +0 helmet (worn)
Jewellery
 h - a cursed -4 ring of strength (left hand)
 l - an uncursed ring of wizardry
 m - a ring of magical power (right hand)
 o - an uncursed ring of ice
Scrolls
 d - 2 scrolls of immolation
 n - a scroll of amnesia {unknown}
 s - a scroll of fog {unknown}
 t - a scroll of teleportation {unknown}
Potions
 c - a potion of haste
 g - 2 potions of flight
 i - a potion of might
 j - 3 potions of curing
 r - a potion of cancellation {unknown}
Comestibles
 e - 3 rations {!d}


   Skills:
 + Level 3.9 Fighting
 - Level 3.7 Long Blades
 + Level 4.6 Dodging
 + Level 4.4 Spellcasting
 + Level 2.1 Conjurations


You had 6 spell levels left.
You knew the following spells:

 Your Spells              Type           Power        Failure   Level  Hunger
a - Freeze                Ice            #.....       3%          1    None
b - Shock                 Conj/Air       #....        1%          1    None
c - Iskenderun's Battles  Conj/Chrm      #.......     43%         5    ######.

Your spell library contained the following spells:

 Spells                   Type           Power        Failure   Level  Hunger


Dungeon Overview and Level Annotations

Branches:
Dungeon (3/12)

Altars:


Message History

The gnoll hits you with a +0 flail!
Casting: Shock (safe; 1% risk of failure)
Confirm with . or Enter, or press ? or * to list all spells.
Aiming: Shock (safe; 1% risk of failure)
Press: ? - help, Shift-Dir - straight line The zap hits the big kobold.
The big kobold is almost dead.
The zap hits the big kobold but does no damage.
The big kobold is almost dead.
The big kobold closely misses you. The gnoll closely misses you.
Casting: Shock (safe; 1% risk of failure)
Confirm with . or Enter, or press ? or * to list all spells.
Aiming: Shock (safe; 1% risk of failure)
Press: ? - help, Shift-Dir - straight line The zap misses the big kobold.
The zap hits the big kobold but does no damage.
The big kobold is almost dead.
The big kobold hits you with a +0 short sword.
The gnoll hits you with a +0 flail!
You die...

#...# #.#.....g#
#÷..# ..#..#.#.#
..Y.........#..#.#g#
#############..#(#.#
.†.................#
###########.#.##.#.#
####.#......#
#.......).###
####.....@g.#
#....K...#
#....#.### ######.#
###


You could see a big kobold and a gnoll.

Vanquished Creatures
  An ice beast (D:2)
  Robin (D:1)
  3 adders (D:3)
  An ooze (D:1)
  2 worms (D:3)
  3 dart slugs
  2 leopard geckos
  3 giant cockroaches
  12 goblins
  11 hobgoblins
  23 jackals
  A quokka (D:1)
  A ball python (D:2)
  2 bats
  5 frilled lizards
  8 kobolds
  9 rats
88 creatures vanquished.

Notes
Turn   | Place    | Note
-------+----------+-------------------------------------------
     0 | D:1      | Ashen the Avariel Reaver began the quest for the Orb.
     0 | D:1      | Reached XP level 1. HP: 13/13 MP: 6/6
   338 | D:1      | Reached XP level 2. HP: 18/18 MP: 7/7
   636 | D:1      | Reached XP level 3. HP: 18/23 MP: 7/9
   643 | D:1      | Reached * piety under Vehumet
   643 | D:1      | Offered knowledge of Freeze by Vehumet.
   646 | D:1      | Learned a level 1 spell: Freeze
  1766 | D:2      | Reached XP level 4. HP: 17/28 MP: 0/11
  2249 | D:2      | Noticed Robin
  2349 | D:1      | Killed Robin
  2602 | D:2      | Reached ** piety under Vehumet
  2783 | D:3      | Offered knowledge of Shock by Vehumet.
  2789 | D:3      | Learned a level 1 spell: Shock
  2851 | D:3      | Reached XP level 5. HP: 32/32 MP: 8/12
  3040 | D:3      | Reached skill level 1 in Conjurations
  3051 | D:3      | Noticed an ice beast
  3055 | D:3      | Learned a level 5 spell: Iskenderun's Battlesphere
  3332 | D:3      | Noticed a big kobold
  3552 | D:2      | Killed an ice beast
  3552 | D:2      | Reached XP level 6. HP: 27/38 MP: 12/14
  3614 | D:3      | Slain by a gnoll

Skill      XL: |  1  2  3  4  5 |
---------------+----------------+-----
Fighting       | 3 |  3.9
Spellcasting   | 3 4 |  4.4
Dodging        | 4 |  4.6
Conjurations   | 2 |  2.1
Long Blades    | |  3.7

Action                   |  1- 3 |  4- 6 || total
-------------------------+-------+-------++-------
Melee: Long sword        |    58 |       ||    58
       Club              |    65 |    35 ||   100
 Cast: Freeze            |    45 |   127 ||   172
       Shock             |       |    20 ||    20
  Use: Scroll            |     2 |     3 ||     5
  Eat: Chunk             |     3 |     5 ||     8
Armor: Steam dragon scal |    83 |    64 ||   147
Dodge: Dodged            |   183 |   149 ||   332
